Map: Pasożyt ER

Players

BlueKnight

  • Race: Terran Terran
  • League: Diamond
  • Spawn Location: 11:00

Okejka - Winner!

  • Race: Protoss Protoss
  • League: Diamond
  • Spawn Location: 5:00

VOD

Have the link to the VOD?

Description

Hi
This is my all-in protoss vs terran. It simple to win but if tanks will be on battlefiled will be harder. You must create army with stalkers and adapts. Adapts are useful against marines and stalkers useful for any probelms with marauders and liberatonis. If first and second atack won't be successfull construct twilight counsil and charge for zeloats. Then switch your army to Stalkers and zelots.

Time

  • Played on: Dec. 31, 2018, 2:49 p.m.
  • Length: 6:20
Show
View Real Time Build Order
Export as new Build Order

BlueKnight Terran 

Build Orders:  

Get SALT Encoding   

  12  0:00  SCV  
  13  0:13  SCV  
  14  0:17  Supply Depot  
  14  0:25  SCV  
  15  0:30  Refinery  
  15  0:38  SCV  
  16  0:44  Barracks  
  16  0:50  SCV  
  17  1:03  SCV  
  18  1:15  SCV  
  19  1:27  SCV  
  19  1:31  Reaper  
  21  1:35  Supply Depot  
  21  1:39  SCV  
  22  1:51  Factory, SCV  
  23  2:00  Barracks  
  23  2:02  Refinery  
  23  2:03  Marine  
  23  2:06  Orbital Command  
  24  2:23  Marine  
  25  2:36  Bunker  
  25  2:48  Marine  
  27  2:51  Hellion  
  27  3:02  Barracks Tech Lab, Command Center  
  26  3:15  Hellion  
  26  3:17  SCV  
  28  3:23  Marauder  
  30  3:28  Marine  
  30  3:31  Concussive Shells  
  31  3:39  Hellion  
  29  4:00  Widow Mine  
  29  4:02  SCV  
  32  4:16  Marauder, Marine  
  33  4:18  Orbital Command  
  32  4:25  Bunker  
  29  4:34  Marine  
  29  4:35  Supply Depot  
  30  4:45  SCV  
  29  4:48  Marauder  
  29  4:56  Factory  
  27  5:01  Bunker  
  27  5:04  Barracks  
  26  5:10  Barracks Tech Lab  
  26  5:11  Marine  
  21  5:14  SCV  
  21  5:22  Bunker  
  19  5:41  Widow Mine  
Show
View Real Time Build Order
Export as new Build Order

Okejka Protoss - Winner!

Build Orders:  

Get SALT Encoding   

  12  0:00  Probe  
  14  0:17  Pylon  
  14  0:18  Probe  
  14  0:31  Probe  
  15  0:36  Gateway  
  15  0:43  Probe  
  15  0:45  Assimilator  
  16  0:55  Probe  
  17  1:07  Probe  
  18  1:12  Pylon  
  18  1:23  Cybernetics Core  
  18  1:24  Probe  
  19  1:31  Gateway  
  19  1:36  Probe  
  19  1:37  Assimilator  
  20  1:45  Pylon  
  20  1:48  Probe  
  20  1:51  Adept, Warp Gate  
  23  2:04  Probe  
  24  2:17  Adept  
  26  2:33  Probe  
  27  2:41  Gateway x2  
  27  2:48  Stalker  
  29  2:53  Twilight Council  
  29  3:00  Pylon  
  29  3:09  Stalker  
  28  4:00  Stalker x4  
  33  4:11  Probe  
  34  4:23  Probe  
  35  4:24  Stalker x3  
  37  4:49  Adept x4  
  43  5:20  Stalker  
  43  5:21  Stalker  
  45  5:54  Pylon  
Tags
 
Add a new tag
Caveats
  • Supply blocks, unpowered buildings, or Contaminate may cause inaccurate times.
  • Supply counts are checked every 10 seconds.